 Dungeon Crawl Stone Soup version 0.30-a0-860-g512cf1e979 (webtiles) character file.

Game seed: 14655193289147408587

19559 jasper the Cleaver (level 12, -1/95 HPs)
             Began as a Demonspawn Fighter on Mar 7, 2023.
             Was a High Priest of Okawaru.
             Slain by an elephant (2 damage)
             ... on level 2 of the Lair of Beasts.
             The game lasted 00:27:17 (14358 turns).

jasper the Cleaver (Demonspawn Fighter)            Turns: 14358, Time: 00:27:17

Health: -1/95      AC: 18    Str: 21    XL:     12   Next: 37%
Magic:  16/17      EV: 13    Int: 10    God:    Okawaru [*****.]
Gold:   155        SH:  0    Dex:  8    Spells: 11/11 levels left

rFire   + . .      SeeInvis +    G - +5 battleaxe (freeze)
rCold   + + +      Faith    .    (shield currently unavailable)
rNeg    . . .      Spirit   .    L - +0 ice dragon scales
rPois   +          Reflect  .    (no helmet)
rElec   .          Rampage  +    (cloak unavailable)
rCorr   +                        p - +2 pair of gloves
Will    .....                    U - +0 pair of boots {rampage}
Stlth   ++                       (no amulet)
HPRegen 0.35/turn                I - ring "Hiseusit" {rPois rF+ rCorr Dex-5}
MPRegen 0.30/turn                D - ring "Analomnu" {+Blink rF+ rC+ Dex-2 SInv}

@: heroic
A: thin skeletal structure 1, foul stench 1, magic regeneration, weakness
stinger 3
a: Renounce Religion, Evoke Blink, Heroism, Finesse, Duel


You were on level 2 of the Lair of Beasts.
You worshipped Okawaru.
Okawaru was extremely pleased with you.
You visited 3 branches of the dungeon, and saw 14 of its levels.
You also visited: Ossuary.

You collected 1446 gold pieces.
You spent 1291 gold pieces at shops.

Inventory:

Hand Weapons
 a - a +0 war axe
 n - a +0 demon whip of venom
 v - a +4 heavy war axe
 G - a +5 battleaxe of freezing (weapon)
Missiles
 h - 70 stones (quivered)
 k - 9 boomerangs
 l - 13 javelins
 o - a silver javelin
 w - a throwing net
Armour
 b - a +0 scale mail
 c - a +0 buckler
 p - a +2 pair of gloves (worn)
 u - a +3 leather armour of fire resistance
 C - a +0 kite shield
 L - +0 ice dragon scales (worn)
 N - +0 swamp dragon scales
 U - a +0 pair of boots of rampaging (worn)
Jewellery
 q - a ring of wizardry
 r - a +5 ring of evasion
 D - the ring "Analomnu" (right hand) {+Blink rF+ rC+ Dex-2 SInv}
   (You bought it in a shop on level 8 of the Dungeon)

   [ring of protection from fire]

   Dex:       It affects your dexterity (-2).
   rF:        It protects you from fire.
   rC:        It protects you from cold.
   SInv:      It lets you see invisible.
   +Blink:    It lets you blink.
 I - the ring "Hiseusit" (left hand) {rPois rF+ rCorr Dex-5}
   (You bought it in a shop on level 8 of the Dungeon)

   [ring of resist corrosion]

   Dex:       It affects your dexterity (-5).
   rF:        It protects you from fire.
   rPois:     It protects you from poison.
   rCorr:     It protects you from acid and corrosion.
 P - a +6 ring of intelligence
 T - a ring of flight
Wands
 d - a wand of flame (20)
 B - a wand of digging (5)
Scrolls
 f - 3 scrolls of amnesia
 y - 7 scrolls of teleportation
 z - 4 scrolls of identify
 A - 2 scrolls of enchant armour
 J - 2 scrolls of magic mapping
 O - a scroll of silence
 R - a scroll of immolation
Potions
 e - a potion of heal wounds
 g - 2 potions of cancellation
 i - 2 potions of brilliance
 j - 2 potions of degeneration
 m - 10 potions of curing
 s - a potion of invisibility
 t - 3 potions of flight
 x - a potion of magic
 E - 2 potions of lignification
 F - 3 potions of resistance
 H - 3 potions of haste
 K - 3 potions of might
 M - a potion of berserk rage
 Q - 2 potions of ambrosia
 S - a potion of attraction


   Skills:
 + Level 9.3(14.3) Fighting
 * Level 11.4(16.4) Axes
 - Level 3.0(8.0) Throwing
 + Level 5.6(10.6) Armour
 + Level 7.6(12.6) Dodging
 - Level 4.0(9.0) Shields
 - Level 7.6 Invocations
 - Level 7.0 Evocations


You had 11 spell levels left.
You didn't know any spells.
Your spell library contained the following spells:

 Spells                   Type           Power      Damage    Failure   Level
 Kiss of Death            Conj/Necr      0%         2d5       71%         1
 Magic Dart               Conj           0%         1d3       71%         1
 Ensorcelled Hibernation  Hex/Ice        0%         N/A       83%         2
 Lesser Beckoning         Tloc           0%         N/A       83%         2
 Confusing Touch          Hex            0%         N/A       97%         3
 Gell's Gravitas          Tloc           0%         N/A       97%         3
 Ignite Poison            Fire/Tmut/Pois 0%         N/A       97%         3
 Kindle Blastsparks       Fire/Tloc/Air  0%         2d10      97%         3
 Spider Form              Tmut/Pois      0%         N/A       97%         3
 Teleport Other           Tloc           0%         N/A       97%         3
 Anguish                  Hex/Necr       0%         N/A       100%        4
 Dispel Undead            Necr           0%         3d6       100%        4
 Fulminant Prism          Conj/Hex       0%         3d5       100%        4
 Iskenderun's Mystic Bla  Conj/Tloc      0%         2d3       100%        4
 Blade Hands              Tmut           0%         N/A       100%        5
 Freezing Cloud           Conj/Ice/Air   0%         6-21      100%        5
 Irradiate                Conj/Tmut      0%         3d11      100%        5
 Lee's Rapid Deconstruct  Erth           0%         3d4*      100%        5
 Dragon Form              Tmut           0%         N/A       100%        7


Dungeon Overview and Level Annotations

Branches:
Dungeon (11/15)            Temple (1/1) D:5            Lair (2/5) D:10
    Orc (0/2) D:9         Ossuary (visited)
  Swamp: Lair:2-3    Shoals: Lair:2-3     Snake: Lair:2-3    Spider: Lair:2-3

Altars:
Ashenzari
Cheibriados
Dithmenos
Fedhas
Gozag
Hepliaklqana
Kikubaaqudgha
Makhleb
Nemelex Xobeh
Okawaru
Qazlal
Ru
Sif Muna
Trog
Uskayaw
Vehumet
Wu Jian
Xom
Yredelemnul

Shops:
D:8 =   D:11 *

Annotations:
D:4 Edmund


Innate Abilities, Weirdness & Mutations

You have a somewhat thin skeletal structure. (Dex +2, Stealth+)
You may rarely emit foul miasma when damaged in melee.
You regenerate magic rapidly.
You have a sharp stinger which inflicts weakening toxins.


Message History

* * * LOW HITPOINT WARNING * * *
You hold your ground!
You emit a cloud of foul miasma!
The elephant closely misses you.
You take 13 damage, and have 8/95 hp.
Okay, then.
Okay, then.
You gain the combat prowess of a mighty hero.
The elephant barely misses you. The elephant closely misses you.
The elephant tramples you but does no damage.
The elephant trunk-slaps you but does no damage.
The elephant is engulfed in dark miasma.
The elephant is poisoned.
The elephant completely misses you.
The elephant trunk-slaps you but does no damage.
You now have 15/17 mp.
You fail to use your ability.
The elephant tramples you but does no damage.
The elephant barely misses you. x2
The elephant trunk-slaps you but does no damage.
The elephant is engulfed in dark miasma.
The elephant looks even sicker.
The elephant seems to slow down.
The elephant tramples you.
* * * LOW HITPOINT WARNING * * *
You hold your ground!
The elephant trunk-slaps you.
* * * LOW HITPOINT WARNING * * *
You take 5 damage, and have 3/95 hp.
You slash the elephant! You freeze the elephant.
You kill the elephant!
Okawaru accepts your kill.
You slash the elephant! You freeze the elephant.
You kill the elephant!
Okawaru accepts your kill.
You hit the elephant. You freeze the elephant.
You hit the bush but do no damage. You hit the elephant.
You freeze the elephant.
You tail-slap the elephant, but do no damage.
The elephant is severely wounded.
You slash the bush! You freeze the bush. The elephant tramples you.
* * * LOW HITPOINT WARNING * * *
You hold your ground!
The elephant trunk-slaps you.
You die...

#.#....###........^....
#..............#.......
#...........<.# .......
#.....<..>...###..Y....
#.#...###.#.###........
#.#...##...............
#.#...#.........#
#.............†§#
##.....##......†@#
PP.#...##......YP#
................##
....#P..##....###
....##..##P...#
######.####.### # #.#
### # ##.# # #P.#


You could see an elephant.

Vanquished Creatures
  A hydra (D:10)
  A boulder beetle (D:11)
  A two-headed ogre (D:9)
  The ghost of zenocrate the Martial Artist, a novice OpTm of the Shining One (D:7)
  Amaemon (D:9)
  2 manticores (D:11)
  9 elephants
  An orange demon (D:10)
  4 cane toads (Lair:1)
  A kobold demonologist (D:9)
  Maggie (D:7)
  4 komodo dragons (Lair:1)
  3 trolls (D:11)
  2 hornets
  2 shadows
  11 yaks
  3 wraiths
  2 wyverns
  2 acid dragons
  6 water moccasins
  A hornet zombie (Ossuary)
  6 orc warriors
  3 sky beasts
  3 ogres (D:5)
  4 wolves (Lair:1)
  3 centaurs
  A kobold brigand (D:9)
  2 scorpions
  7 bullfrogs
  A wyvern zombie (Ossuary)
  2 gnoll sergeants
  3 water moccasin zombies (Ossuary)
  4 wights
  10 killer bees
  3 howler monkeys
  A crimson imp (D:5)
  4 centaur zombies (Ossuary)
  5 bullfrog zombies (Ossuary)
  6 orc priests
  3 gnoll boudas
  3 jellies
  6 hounds
  Jessica (D:3)
  Ijyb (D:3)
  8 orc wizards
  2 iguanas
  2 killer bee zombies (Ossuary)
  18 mummies
  2 howler monkey zombies (Ossuary)
  24 gnolls
  3 river rats (D:3)
  13 adders
  3 shadow imps
  5 white imps
  2 ufetubi
  A worm (D:2)
  7 dart slugs
  42 orcs
  8 ball pythons
  2 bats
  2 endoplasms (D:1)
  5 giant cockroaches
  4 goblins
  7 hobgoblins
  6 jackals (D:1)
  2 quokkas
  3 frilled lizards
  10 kobolds
  4 rats
326 creatures vanquished.

Vanquished Creatures (others)
  3 fungi
  2 plants
  4 withered plants (Ossuary)
9 creatures vanquished.

Grand Total: 335 creatures vanquished

Notes
Turn   | Place    | Note
-------+----------+-------------------------------------------
     0 | D:1      | jasper the Demonspawn Fighter began the quest for the Orb.
     0 | D:1      | Reached XP level 1. HP: 18/18 MP: 1/1
   113 | D:1      | Gained mutation: You may rarely emit foul miasma when
                  | damaged in melee. [demonic ancestry]
   113 | D:1      | Reached XP level 2. HP: 24/24 MP: 2/2
   681 | D:1      | Gained mutation: You regenerate magic rapidly. [demonic
                  | ancestry]
   681 | D:1      | Reached XP level 3. HP: 29/29 MP: 3/3
  2320 | D:2      | Found a faded altar of an unknown god.
  2432 | D:2      | Prayed at the altar of an unknown god.
  2432 | D:2      | Became a worshipper of Vehumet
  2432 | D:2      | Reached * piety under Vehumet
  2432 | D:2      | Offered knowledge of Freeze by Vehumet.
  2433 | D:2      | Fell from the grace of Vehumet
  2494 | D:3      | Noticed Jessica
  2495 | D:3      | Killed Jessica
  2496 | D:3      | Reached skill level 2 in Axes
  2496 | D:3      | Gained mutation: You have a small tail. [demonic ancestry]
  2496 | D:3      | Reached XP level 4. HP: 35/35 MP: 4/4
  2661 | D:3      | Identified the +4 falchion of the Iron City of Dis {heavy,
                  | Stlth+}
  2888 | D:3      | Noticed Ijyb
  2903 | D:3      | Killed Ijyb
  2929 | D:3      | Reached XP level 5. HP: 41/41 MP: 5/5
  2944 | D:3      | Reached skill level 3 in Axes
  3860 | D:3      | Reached skill level 1 in Dodging
  3860 | D:3      | Gained mutation: You have a tail ending in a sharp stinger.
                  | [demonic ancestry]
  3860 | D:3      | Reached XP level 6. HP: 42/48 MP: 6/6
  3941 | D:4      | Noticed Edmund
  4024 | D:4      | Reached skill level 4 in Axes
  4051 | D:5      | Entered Level 5 of the Dungeon
  4218 | D:5      | Noticed a water moccasin
  4228 | D:5      | Gained mutation: You have a sharp stinger which inflicts
                  | weakening toxins. [demonic ancestry]
  4228 | D:5      | Reached XP level 7. HP: 44/55 MP: 7/7
  4238 | D:5      | Reached skill level 5 in Axes
  4611 | D:5      | Reached skill level 5 in Fighting
  4614 | D:5      | Found a staircase to the Ecumenical Temple.
  4637 | Temple   | Entered the Ecumenical Temple
  4646 | Temple   | Became a worshipper of Warmaster Okawaru
  4753 | D:5      | Found a blossoming altar of Fedhas.
  4974 | D:5      | Gained mutation: You have a somewhat thin skeletal
                  | structure. (Dex +2, Stealth+) [demonic ancestry]
  4974 | D:5      | Reached XP level 8. HP: 60/62 MP: 8/8
  5173 | D:5      | Reached skill level 6 in Axes
  5312 | D:6      | Reached * piety under Okawaru
  5642 | D:6      | Reached skill level 7 in Axes
  5718 | D:6      | Found a sand-covered staircase.
  5727 | Ossuary  | Entered an ossuary
  5812 | Ossuary  | Reached skill level 1 in Invocations
  5822 | Ossuary  | Reached skill level 1 in Throwing
  5887 | Ossuary  | Reached ** piety under Okawaru
  5908 | Ossuary  | Reached XP level 9. HP: 26/69 MP: 11/11
  6472 | Ossuary  | Identified a scroll of acquirement
  6472 | Ossuary  | Acquired 722 gold pieces
  7017 | D:7      | Reached skill level 8 in Axes
  7044 | D:7      | Reached skill level 5 in Dodging
  7200 | D:8      | Reached *** piety under Okawaru
  7240 | D:7      | Reached skill level 9 in Axes
  7240 | D:7      | Reached XP level 10. HP: 22/79 MP: 12/12
  7438 | D:7      | Reached **** piety under Okawaru
  7738 | D:8      | Found Atalizus's Jewellery Emporium.
  7755 | D:8      | Bought the ring "Analomnu" {+Blink rF+ rC+ Dex-2 SInv} for
                  | 644 gold pieces
  7755 | D:8      | Bought the ring "Hiseusit" {rPois rF+ rCorr Dex-5} for 387
                  | gold pieces
  7946 | D:8      | Reached skill level 1 in Evocations
  8171 | D:8      | Found a snail-covered altar of Cheibriados.
  8174 | D:8      | Found a broken altar of Ashenzari.
  8177 | D:8      | Found a hazy altar of Hepliaklqana.
  8275 | D:7      | Noticed zenocrate's ghost (novice OpTm)
  8305 | D:7      | Found a runed translucent gate.
  8306 | D:7      | Found a runed translucent gate.
  8306 | D:7      | Found a runed translucent gate.
  8678 | D:7      | Noticed Maggie
  8683 | D:7      | Killed Maggie
  8800 | D:7      | Found a burning altar of Makhleb.
  8969 | D:7      | Reached skill level 5 in Invocations
  8974 | D:7      | Killed zenocrate's ghost
  9193 | D:9      | Noticed an orange demon
  9204 | D:9      | Reached ***** piety under Okawaru
  9525 | D:9      | Was forgiven by Vehumet
  9715 | D:9      | Reached skill level 5 in Evocations
  9758 | D:9      | Found a staircase to the Orcish Mines.
  9786 | D:9      | Noticed an angel
  9897 | D:9      | Noticed a two-headed ogre
  9903 | D:9      | Killed a two-headed ogre
 10032 | D:9      | Reached XP level 11. HP: 84/84 MP: 16/16
 10632 | D:10     | Entered Level 10 of the Dungeon
 10640 | D:10     | Noticed a six-headed hydra
 10652 | D:10     | Killed a six-headed hydra
 10783 | D:10     | Noticed Amaemon
 10814 | D:9      | Killed Amaemon
 10951 | D:10     | Received a gift from Okawaru
 11211 | D:10     | Found a staircase to the Lair.
 11378 | D:10     | Found an ancient bone altar of Kikubaaqudgha.
 11379 | D:10     | Found a radiant altar of Vehumet.
 11381 | D:10     | Found a shimmering blue altar of Sif Muna.
 11387 | D:10     | Got Vehumet's Monograph on Violence
 11931 | D:11     | Noticed a boulder beetle
 11944 | D:11     | Killed a boulder beetle
 11945 | D:11     | Reached skill level 10 in Axes
 12348 | D:11     | Received a gift from Okawaru
 12706 | D:11     | Found Temubyso's Assorted Antiques.
 12712 | D:11     | Bought a bubbling blue potion for 30 gold pieces
 12712 | D:11     | Bought a dark potion for 30 gold pieces
 12712 | D:11     | Bought a potion of curing for 102 gold pieces
 12712 | D:11     | Bought a smoky clear potion for 30 gold pieces
 12712 | D:11     | Bought a scroll of identify for 68 gold pieces
 12871 | Lair:1   | Entered Level 1 of the Lair of Beasts
 12908 | Lair:1   | Received a gift from Okawaru
 13273 | Lair:1   | Reached skill level 5 in Armour
 13273 | Lair:1   | Reached XP level 12. HP: 21/94 MP: 14/17
 13713 | Lair:1   | Reached skill level 11 in Axes
 14356 | Lair:2   | HP: 4/95 [elephant (4)]
 14358 | Lair:2   | HP: 1/95 [elephant (3)]
 14358 | Lair:2   | Slain by an elephant

Illustrated notes

Levels and vault maps discovered:
D:1:      ncdulo_watergridlock, layout_loops_ring
D:2:      layout_loops_ring, shapermc_ecumenical_altar_mp_vishouse
D:3:      layout_loops_cross, lightli_sewer_entry_pipes, uniq_jessica, uniq_ijyb
D:4:      minmay_clustersquares, layout_loops_ring, kennysheep_crisscross,
          uniq_duvessa, uniq_edmund
D:5:      layout_rooms, lemuel_coloured_pillars_altar,
          minmay_temple_entry_proselytizer, kennysheep_cross_bottleneck,
          serial_park_tiny_pond, minmay_fire_ice_demons
D:6:      layout_loops_ring, gup_ossuary_entry_pyramid, grunt_ministairs_5,
          kennysheep_opposing_triangles
D:7:      layout_basic, minitemple, gammafunk_ghost_split, serial_curves,
          eino_curves_03, eino_curves_01, nicolae_elevator_lobby_plus,
          uniq_maggie
D:8:      layout_cave_pools, grunt_temple_overflow_diamond, serial_shops,
          nicolae_shop_statue_plus
D:9:      layout_layer_cave, zin_angel, david_orc_3
D:10:     layout_cave_pods, grunt_temple_overflow_magic_moments,
          lair_entry_dummy, uniq_amaemon
D:11:     layout_rooms, serial_shops, kennysheep_little_box
Temple:   nicolae_temple_no_exploring_needed
Lair:1:   layout_regular_city, beast_lair_carwin_2, infiniplex_staircase_pool_2
Lair:2:   layout_gridlike, minmay_shoals_entry_beasts, minmay_lindwurm_lava

Skill      XL: |  1  2  3  4  5  6  7  8  9 10 11 12 |
---------------+-------------------------------------+-----
Shields        | 3 4 |  4.0
Axes           | 2 3 4 5 7 9 10 11 | 11.4
Armour         | 3 5 |  5.6
Dodging        | 1 2 3 4 5 7 |  7.6
Fighting       | 4 5 6 7 8 9 |  9.3
Invocations    | 3 7 |  7.6
Throwing       | 2 3 |  3.0
Evocations     | 6 7 |  7.0

Action                     |  1- 3 |  4- 6 |  7- 9 | 10-12 || total
---------------------------+-------+-------+-------+-------++-------
  Melee: War axe           |   118 |   170 |   306 |    41 ||   635
         Tailslap          |       |    24 |    49 |    57 ||   130
         Battleaxe         |       |       |       |   297 ||   297
         Flail             |       |       |       |     6 ||     6
  Throw: Stone             |    22 |    25 |    18 |    10 ||    75
 Invoke: Renounce Religion |     1 |       |       |       ||     1
         Heroism           |       |       |       |     7 ||     7
         Finesse           |       |       |       |     1 ||     1
  Evoke: Wand              |     1 |     3 |       |     8 ||    12
    Use: Scroll            |     3 |     4 |    10 |    11 ||    28
         Potion            |       |     2 |     1 |     2 ||     5
   Stab: Sleeping          |       |       |     2 |       ||     2
         Distracted        |       |       |     3 |       ||     3
 Armour: Scale mail        |    60 |    14 |       |       ||    74
         Leather armour    |       |    42 |    89 |     9 ||   140
         Swamp dragon scal |       |       |       |    95 ||    95
         Ice dragon scales |       |       |       |    84 ||    84
  Dodge: Dodged            |    48 |   152 |   254 |   452 ||   906
  Block: Buckler           |    33 |    50 |    79 |    16 ||   178

Table legend: (Time is in decaauts)
 A = Elapsed time spent in this place.
 B = Non-inter-level travel time spent in this place.
 C = Inter-level travel time spent in this place.
 D = Time resting spent in this place.
 E = Time spent auto-exploring this place.
 F = Levels seen in this place.
 G = Mean time per level.
                   A        B        C        D        E       F      G
               +--------+--------+--------+--------+--------+-----+--------+
         Total |  14683 |  13953 |    730 |   2727 |   8246 |  15 |  978.9 |
       Dungeon |  12169 |  11490 |    679 |   2248 |   6830 |  11 | 1106.3 |
        Temple |     16 |     10 |      6 |      0 |      0 |   1 |   16.0 |
          Lair |   1500 |   1456 |     44 |     78 |   1149 |   2 |  750.0 |
       Ossuary |    997 |    997 |      0 |    401 |    266 |   1 |  997.0 |
               +--------+--------+--------+--------+--------+-----+--------+

Top non-repeatable levels by time:
     D:9: 1750 daAuts
     D:3: 1415 daAuts
  Lair:1: 1375 daAuts
     D:2: 1352 daAuts
     D:1: 1277 daAuts
     D:7: 1275 daAuts
     D:5: 1029 daAuts
    D:10: 1029 daAuts
    D:11: 1018 daAuts
 Ossuary: 997 daAuts
     D:8: 920 daAuts
     D:6: 787 daAuts
     D:4: 314 daAuts
  Lair:2: 124 daAuts
  Temple: 16 daAuts
